 Dungeon Crawl Stone Soup version 0.30-a0-141-g30f27751c5 (webtiles) character file.

Game seed: 1233137984931883139

1586 qw the Chopper (level 8, -1/49 HPs)
             Began as a Gargoyle Fighter on Sept 25, 2022.
             Slain by a gnoll
             ... wielding a +0 spear of distortion
             ... led by a gnoll sergeant
              (12 damage)
             ... on level 6 of the Dungeon.
             The game lasted 00:02:25 (6299 turns).

qw the Chopper (Gargoyle Fighter)                   Turns: 6299, Time: 00:02:26

Health: -1/49      AC: 19    Str: 23    XL:     8   Next: 92%
Magic:  8/8        EV:  8    Int:  8    God:
Gold:   209        SH:  9    Dex:  9    Spells: 7/7 levels left

rFire   . . .      SeeInvis .    Y - +1 war axe
rCold   + . .      Faith    .    c - +0 buckler
rNeg    + . .      Spirit   .    i - +0 chain mail
rPois   inf        Reflect  +    n - +0 helmet
rElec   +          Harm     .    j - +0 cloak
rCorr   .          Rampage  .    (no gloves)
Will    .....                    a - +0 pair of boots
Stlth   ..........               f - amulet of reflection
HPRegen 0.16/turn                k - ring of protection from cold
MPRegen 0.11/turn                (no ring)

@: no status effects
A: sickness immunity, AC +5, negative energy resistance 1, electricity
resistance, torment resistance 1, petrification resistance
a: no special abilities


You were on level 6 of the Dungeon.
You visited 2 branches of the dungeon, and saw 7 of its levels.

You collected 209 gold pieces.


Innate Abilities, Weirdness & Mutations

You are immune to sickness and miasma.
Your stone body is resilient. (AC +5)
You are immune to poison.
You resist negative energy. (rN+)
You are resistant to electric shocks. (rElec)
You are resistant to unholy torment.
You are immune to petrification.


   Skills:
 - Level 5.0 Fighting
 + Level 7.8 Axes
 - Level 2.3 Throwing
 - Level 6.5 Armour
 - Level 1.1 Dodging
 - Level 3.2 Shields


You had 7 spell levels left.
You didn't know any spells.
Your spell library was empty.

Inventory:

Hand Weapons
 m - a +0 morningstar
 Y - a +1 war axe (weapon)
Missiles
 p - a javelin (quivered)
Armour
 a - a +0 pair of boots (worn)
 c - a +0 buckler (worn)
 i - a +0 chain mail (worn)
 j - a +0 cloak (worn)
 n - a +0 helmet (worn)
Jewellery
 e - a +6 ring of intelligence
 f - an amulet of reflection (around neck)
 k - a ring of protection from cold (left hand)
Scrolls
 b - 2 scrolls of teleportation
 g - 7 scrolls of identify
Potions
 d - 4 potions of might
 l - a potion of attraction {unknown}

Dungeon Overview and Level Annotations

Branches:
Dungeon (6/15)             Temple (1/1) D:4

Altars:
Ashenzari
Elyvilon
Fedhas
Hepliaklqana
Kikubaaqudgha
Nemelex Xobeh
Qazlal
Ru
Sif Muna
Vehumet
Wu Jian
Xom
Zin
The Shining One


Message History

You block the gnoll's attack. The gnoll hits you but does no damage.
The gnoll hits you from afar with a +0 spear.
The gnoll sergeant hits you but does no damage.
You miss the phantom.
The phantom hits you but does no damage.
The gnoll hits you but does no damage. You block the gnoll's attack.
The gnoll hits you but does no damage.
The gnoll sergeant hits you from afar with a +0 trident of protection.
You slash the phantom!
The phantom is moderately damaged.
The phantom completely misses you. The gnoll hits you but does no damage.
You block the gnoll's attack. The gnoll barely misses you.
The gnoll sergeant hits you from afar with a +0 trident of protection!
You hit the phantom.
The phantom is heavily damaged.
The phantom hits you.
The phantom blinks!
You blink.
Found a brass wand.
The gnoll hits you but does no damage. Space warps around you.
The phantom hits you.
The phantom blinks!
You blink.
Found a leather armour.
Enter note: You hit the phantom.
The phantom is heavily damaged.
You block the phantom's attack.
You closely miss the phantom.
The phantom is heavily damaged.
The phantom hits you.
The phantom blinks!
You blink.
You hit the phantom but do no damage.
The phantom is heavily damaged.
The phantom barely misses you.
You hit the phantom.
The phantom is severely damaged.
You block the phantom's attack. You block the gnoll's attack.
You hit the phantom.
The phantom is severely damaged.
The phantom closely misses you. The gnoll hits you but does no damage.
You block the gnoll sergeant's attack.
You miss the phantom.
The phantom is severely damaged.
The phantom hits you. The gnoll hits you but does no damage.
Space warps horribly around you!
You die...

#...##+#.## #.
#.#.......... #.
#......../.# #.
#..........#
#.........ยค# # ..
#..........###.# ..
#...g.g........# .#
#..Wg............##
#.@.gg.............
#######...#######..
#)..# ### #...# ##.
#...# #..
##.###.....#. #.#
..... #. #.# #..
.#. #.# #.. ...#


You could see a phantom, a gnoll sergeant and 4 gnolls.

Vanquished Creatures
  Pikel (D:5)
  Grinder (D:4)
  A centaur (D:6)
  A phantom (D:5)
  4 scorpions
  4 hounds
  A centaur skeleton (D:3)
  2 iguanas
  An orc wizard (D:4)
  A hound zombie (D:3)
  A mummy (D:4)
  13 gnolls
  6 adders
  A shadow imp (D:6)
  An adder skeleton (D:3)
  2 adder zombies (D:3)
  2 worms (D:2)
  A dart slug (D:1)
  11 orcs
  7 ball pythons
  8 bats
  5 endoplasms
  2 giant cockroaches
  10 goblins
  9 hobgoblins
  4 jackals (D:1)
  4 quokkas
  A ball python skeleton (D:3)
  A giant cockroach zombie (D:3)
  10 kobolds
  2 orc zombies (D:4)
  4 rats
122 creatures vanquished.

Notes
Turn   | Place    | Note
-------+----------+-------------------------------------------
     0 | D:1      | qw the Gargoyle Fighter began the quest for the Orb.
     0 | D:1      | Reached XP level 1. HP: 14/14 MP: 1/1
     0 | D:1      | 0 ||| qw: Version: 0.2-a-10-g399e6c4
     0 | D:1      | 0 ||| qw: Game counter: 176
     0 | D:1      | 0 ||| qw: Always use a shield: true
     0 | D:1      | 0 ||| qw: God list: Okawaru
     0 | D:1      | 0 ||| qw: Allow faded altars: false
     0 | D:1      | 0 ||| qw: Do Orc after D:15 true
     0 | D:1      | 0 ||| qw: Do second Lair branch before Depths: true
     0 | D:1      | 0 ||| qw: Lair rune preference: random
     0 | D:1      | 0 ||| qw: Plans: Normal, Zot:1-4, God:TSO, Crypt, Tomb,
                  | Pan, Slime:5, Hells, Abyss, Orb
     0 | D:1      | 0 ||| PLANNING D:1-11
    15 | D:1      | Reached skill level 2 in Axes
    82 | D:1      | Reached XP level 2. HP: 19/19 MP: 2/2
   343 | D:1      | 343 ||| DROPPING +0 mace.
   445 | D:1      | Reached skill level 3 in Axes
   505 | D:1      | Reached XP level 3. HP: 21/23 MP: 3/3
   665 | D:1      | Reached skill level 1 in Throwing
   788 | D:1      | Found a faded altar of an unknown god.
   797 | D:1      | 797 ||| Stepping ~*~*~tactically~*~*~ (stealth).
  1181 | D:1      | 1181 ||| UPGRADING to +0 cloak.
  1186 | D:1      | 1186 ||| READING scroll labelled GIGHEIM AFOUMME.
  1287 | D:1      | 1287 ||| READING scroll labelled KESTETOJIEQ.
  1288 | D:1      | 1288 ||| READING scroll labelled KACLAO HAMEFU.
  1394 | D:2      | 1394 ||| Stepping ~*~*~tactically~*~*~ (stealth).
  1395 | D:2      | 1395 ||| Stepping ~*~*~tactically~*~*~ (stealth).
  1497 | D:2      | 1497 ||| FLEEEEING.
  1659 | D:2      | 1659 ||| Stepping ~*~*~tactically~*~*~ (stealth).
  1667 | D:2      | Reached XP level 4. HP: 28/28 MP: 4/4
  1921 | D:2      | 1921 ||| Stepping ~*~*~tactically~*~*~ (stealth).
  2247 | D:2      | Found a blossoming altar of Fedhas.
  2260 | D:2      | Reached skill level 4 in Axes
  2349 | D:2      | 2349 ||| Stepping ~*~*~tactically~*~*~ (stealth).
  2350 | D:2      | 2350 ||| Stepping ~*~*~tactically~*~*~ (stealth).
  2421 | D:2      | 2421 ||| DROPPING +2 whip of electrocution.
  2432 | D:2      | 2432 ||| FLEEEEING.
  2609 | D:2      | 2609 ||| UPGRADING to amulet of reflection.
  2614 | D:2      | 2614 ||| READING scroll labelled DAWIGR URONG.
  2710 | D:3      | Identified the +10 war axe "Ozarphuro" {vorpal, *Rage rC+++
                  | rCorr}
  2712 | D:3      | 2712 ||| DROPPING +10 war axe "Ozarphuro" {vorpal, *Rage
                  | rC+++ rCorr}.
  2800 | D:3      | Reached XP level 5. HP: 32/32 MP: 5/5
  2927 | D:3      | 2927 ||| Stepping ~*~*~tactically~*~*~ (stealth).
  3121 | D:3      | Reached skill level 5 in Axes
  3525 | D:3      | 3525 ||| UPGRADING to +0 pair of boots.
  3530 | D:3      | 3530 ||| UPGRADING to +0 chain mail.
  3540 | D:3      | 3540 ||| DROPPING +0 scale mail.
  3541 | D:3      | 3541 ||| UPGRADING to +0 helmet.
  3546 | D:3      | 3546 ||| UPGRADING to ring of protection from cold.
  3547 | D:3      | 3547 ||| READING scroll labelled HOMUSUZUIGG.
  3566 | D:4      | 3566 ||| PLANNING OSSUARY
  3591 | D:4      | Reached XP level 6. HP: 32/39 MP: 6/6
  3658 | D:4      | Found a staircase to the Ecumenical Temple.
  3662 | D:4      | Noticed Grinder
  3664 | D:4      | 3664 ||| FLEEEEING.
  3665 | D:4      | 3665 ||| FLEEEEING.
  3666 | D:4      | 3666 ||| FLEEEEING.
  3667 | D:4      | 3667 ||| FLEEEEING.
  3668 | D:4      | 3668 ||| FLEEEEING.
  3669 | D:4      | 3669 ||| FLEEEEING.
  3670 | D:4      | 3670 ||| FLEEEEING.
  3688 | D:4      | Killed Grinder
  3689 | D:4      | Reached skill level 6 in Axes
  3689 | D:4      | Reached XP level 7. HP: 40/44 MP: 7/7
  3809 | D:4      | HP: 9/44 [gnoll/+0 spear (5)]
  3810 | D:4      | 3810 ||| READING scroll of teleportation.
  3838 | D:4      | 3838 ||| FLEEEEING.
  3839 | D:4      | 3839 ||| FLEEEEING.
  3841 | D:4      | 3841 ||| FLEEEEING.
  3842 | D:4      | 3842 ||| FLEEEEING.
  3843 | D:4      | 3843 ||| FLEEEEING.
  3844 | D:4      | 3844 ||| FLEEEEING.
  3848 | D:4      | 3848 ||| FLEEEEING.
  3849 | D:4      | 3849 ||| FLEEEEING.
  3850 | D:4      | 3850 ||| FLEEEEING.
  3851 | D:4      | 3851 ||| FLEEEEING.
  3852 | D:4      | 3852 ||| FLEEEEING.
  3853 | D:4      | 3853 ||| FLEEEEING.
  3854 | D:4      | 3854 ||| FLEEEEING.
  3855 | D:4      | 3855 ||| FLEEEEING.
  3857 | D:4      | 3857 ||| FLEEEEING.
  3860 | D:4      | 3860 ||| FLEEEEING.
  3861 | D:4      | 3861 ||| FLEEEEING.
  3862 | D:4      | 3862 ||| FLEEEEING.
  3865 | D:4      | 3865 ||| FLEEEEING.
  3866 | D:4      | 3866 ||| FLEEEEING.
  3867 | D:4      | 3867 ||| FLEEEEING.
  3869 | D:4      | 3869 ||| FLEEEEING.
  3870 | D:4      | 3870 ||| FLEEEEING.
  3871 | D:4      | 3871 ||| FLEEEEING.
  3872 | D:4      | 3872 ||| STAIRDANCE
  4083 | D:3      | 4083 ||| READING scroll labelled BIDACELA KANLO.
  4084 | D:3      | 4084 ||| READING scroll labelled MURRUA KACEVU.
  4085 | D:3      | 4085 ||| READING scroll labelled AKOPUHIA WUSY.
  4086 | D:3      | 4086 ||| DRINKING 3 fizzy inky potions.
  4087 | D:3      | 4087 ||| DROPPING 2 potions of flight.
  4090 | D:4      | 4090 ||| STAIRDANCE
  4098 | D:3      | Reached skill level 1 in Dodging
  4100 | D:4      | 4100 ||| STAIRDANCE
  4147 | D:4      | 4147 ||| STAIRDANCE
  4187 | D:4      | 4187 ||| Stepping ~*~*~tactically~*~*~ (hiding).
  4200 | D:4      | 4200 ||| STAIRDANCE
  4238 | D:4      | 4238 ||| Stepping ~*~*~tactically~*~*~ (stealth).
  4240 | D:4      | 4240 ||| Stepping ~*~*~tactically~*~*~ (stealth).
  4242 | D:4      | 4242 ||| Stepping ~*~*~tactically~*~*~ (hiding).
  4243 | D:4      | 4243 ||| Stepping ~*~*~tactically~*~*~ (hiding).
  4307 | D:4      | 4307 ||| RIP OSSUARY
  4333 | D:4      | 4333 ||| PLANNING TEMPLE
  4333 | D:4      | 4333 ||| Stepping ~*~*~tactically~*~*~ (stealth).
  4408 | Temple   | Entered the Ecumenical Temple
  4522 | Temple   | 4522 ||| PLANNING D:1-11
  4603 | D:4      | Found a blossoming altar of Fedhas.
  4607 | D:4      | Found an ancient bone altar of Kikubaaqudgha.
  4678 | D:4      | 4678 ||| Stepping ~*~*~tactically~*~*~ (hiding).
  4990 | D:4      | 4990 ||| READING scroll labelled QUGAHY SYLOI.
  4991 | D:4      | 4991 ||| READING scroll labelled XEGROXO BYAMP.
  5006 | D:5      | Entered Level 5 of the Dungeon
  5031 | D:5      | Reached skill level 7 in Axes
  5114 | D:5      | Found a radiant altar of Vehumet.
  5116 | D:5      | 5116 ||| Stepping ~*~*~tactically~*~*~ (stealth).
  5206 | D:5      | Found a glowing silver altar of Zin.
  5220 | D:5      | Noticed Pikel
  5221 | D:5      | 5221 ||| Stepping ~*~*~tactically~*~*~ (stealth).
  5224 | D:5      | 5224 ||| Stepping ~*~*~tactically~*~*~ (stealth).
  5226 | D:5      | 5226 ||| Stepping ~*~*~tactically~*~*~ (stealth).
  5228 | D:5      | 5228 ||| Stepping ~*~*~tactically~*~*~ (stealth).
  5237 | D:5      | Killed Pikel
  5238 | D:5      | Reached skill level 6 in Armour
  5238 | D:5      | Reached XP level 8. HP: 38/49 MP: 8/8
  5239 | D:5      | 5239 ||| FLEEEEING.
  5240 | D:5      | 5240 ||| FLEEEEING.
  5241 | D:5      | 5241 ||| FLEEEEING.
  5242 | D:5      | 5242 ||| FLEEEEING.
  5243 | D:5      | 5243 ||| FLEEEEING.
  5244 | D:5      | 5244 ||| FLEEEEING.
  5245 | D:5      | 5245 ||| FLEEEEING.
  5246 | D:5      | 5246 ||| FLEEEEING.
  5247 | D:5      | 5247 ||| FLEEEEING.
  5248 | D:5      | 5248 ||| FLEEEEING.
  5249 | D:5      | 5249 ||| FLEEEEING.
  5250 | D:5      | 5250 ||| FLEEEEING.
  5251 | D:5      | 5251 ||| FLEEEEING.
  5252 | D:5      | 5252 ||| FLEEEEING.
  5253 | D:5      | 5253 ||| FLEEEEING.
  5254 | D:5      | 5254 ||| FLEEEEING.
  5255 | D:5      | 5255 ||| FLEEEEING.
  5256 | D:5      | 5256 ||| FLEEEEING.
  5257 | D:5      | 5257 ||| FLEEEEING.
  5258 | D:5      | 5258 ||| FLEEEEING.
  5259 | D:5      | 5259 ||| FLEEEEING.
  5260 | D:5      | 5260 ||| FLEEEEING.
  5261 | D:5      | 5261 ||| FLEEEEING.
  5262 | D:5      | 5262 ||| FLEEEEING.
  5263 | D:5      | 5263 ||| FLEEEEING.
  5264 | D:5      | 5264 ||| FLEEEEING.
  5265 | D:5      | 5265 ||| FLEEEEING.
  5266 | D:5      | 5266 ||| FLEEEEING.
  5267 | D:5      | 5267 ||| FLEEEEING.
  5268 | D:5      | 5268 ||| FLEEEEING.
  5269 | D:5      | 5269 ||| FLEEEEING.
  5270 | D:5      | 5270 ||| FLEEEEING.
  5271 | D:5      | 5271 ||| FLEEEEING.
  5272 | D:5      | 5272 ||| FLEEEEING.
  5273 | D:5      | 5273 ||| STAIRDANCE
  5314 | D:5      | 5314 ||| STAIRDANCE
  5487 | D:5      | Found a glowing golden altar of the Shining One.
  5553 | D:5      | Found a stormy altar of Qazlal.
  5555 | D:5      | Noticed an air elemental
  5555 | D:5      | Noticed a water elemental
  5679 | D:5      | Found a shimmering blue altar of Sif Muna.
  5822 | D:5      | 5822 ||| DROPPING +1 ring mail of willpower.
  5823 | D:5      | 5823 ||| READING scroll labelled GAEXURA TYVEF.
  5824 | D:5      | 5824 ||| READING 8 scrolls of identify.
  5824 | D:5      | 5824 ||| IDENTIFYING fuming silvery potion
  5825 | D:5      | 5825 ||| DROPPING potion of degeneration.
  6245 | D:6      | 6245 ||| DROPPING +0 flail.
  6299 | D:6      | HP: 11/49 [phantom (4)]
  6299 | D:6      | Slain by a gnoll

Levels and vault maps discovered:
D:1:      dpeg_arrival_morbid_curiosity, layout_basic, serial_rivers,
          chequers_serial_rivers_large_a, chequers_serial_rivers_room_b,
          chequers_serial_rivers_micro_c, chequers_serial_rivers_room_a,
          chequers_ecumenical_altar_island
D:2:      layout_loops_corners, basic_altar
D:3:      layout_basic, serial_undead, serial_undead_b, serial_undead_f,
          serial_undead_d, serial_undead_d, serial_undead_d, serial_undead_a
D:4:      layout_cave_pools, grunt_temple_overflow_growth_and_decay,
          minmay_temple_entry_statues_fountains, nicolae_ossuary_entry_giza,
          uniq_grinder
D:5:      layout_rooms, tso_oasis_becter, vehumet_altar_wand_db,
          nicolae_qazlal_style_of_elements, zin_treasury, lemuel_tele_altar,
          uniq_pikel
D:6:      nicolae_BIG_FREAKIN_CUBE, layout_basic, kennysheep_mini,
          kennysheep_diamond
Temple:   nicolae_temple_superstar

Skill      XL: |  1  2  3  4  5  6  7  8 |
---------------+-------------------------+-----
Axes           | 2 3 4 5 6 7 |  7.8
Throwing       | 1 2 |  2.3
Fighting       | 4 5 |  5.0
Dodging        | 1 |  1.1
Armour         | 6 |  6.5
Shields        | |  3.2

Action                   |  1- 3 |  4- 6 |  7- 9 || total
-------------------------+-------+-------+-------++-------
Melee: War axe           |   138 |   146 |   154 ||   438
Throw: Javelin           |    16 |    15 |     8 ||    39
       Boomerang         |       |    18 |    10 ||    28
  Use: Scroll            |     3 |     2 |     8 ||    13
       Potion            |       |       |     1 ||     1
 Stab: Distracted        |       |       |     1 ||     1
Armor: Scale mail        |   104 |    41 |       ||   145
       Chain mail        |       |     9 |   126 ||   135
Dodge: Dodged            |    70 |    42 |    65 ||   177
Block: Buckler           |    19 |    51 |    84 ||   154
       Reflection        |       |     2 |     3 ||     5

Table legend:
 A = Non-vault XP
 B = Vault XP
 C = Vault XP percentage of total XP
 D = Non-vault monster count
 E = Vault monster count
 F = Vault count percentage of total count
                 A         B        C        D         E       F
            +---------+---------+-------+---------+---------+-------
      Total |    1095 |    1171 |  51.7 |     102 |      20 |  16.4
            +---------+---------+-------+---------+---------+-------
        D:1 |      45 |       9 |  16.7 |      26 |       5 |  16.1
        D:2 |      85 |       0 |   0.0 |      23 |       0 |   0.0
        D:3 |     176 |      77 |  30.4 |      22 |       7 |  24.1
        D:4 |     261 |     292 |  52.8 |      20 |       4 |  16.7
        D:5 |     460 |     643 |  58.3 |       8 |       2 |  20.0
        D:6 |      68 |     150 |  68.8 |       3 |       2 |  40.0
            +---------+---------+-------+---------+---------+-------
